 Dungeon Crawl Stone Soup version 0.28.0 (webtiles) character file.

Game seed: 2489243613525922891

5 sasquatch the Caller (level 1, -1/13 HPs)
             Began as a Merfolk Summoner on Feb 14, 2022.
             Frozen to death by an endoplasm (5 damage)
             ... on level 1 of the Dungeon.
             The game lasted 00:01:08 (239 turns).

sasquatch the Caller (Merfolk Summoner)              Turns: 239, Time: 00:01:09

Health: -1/13      AC:  3    Str:  8    XL:     1   Next: 80%
Magic:  0/3        EV: 12    Int: 14    God:
Gold:   7          SH:  0    Dex: 14    Spells: 3/4 levels left

rFire   . . .      SeeInvis .   d - +0 dagger
rCold   . . .      Faith    .   (no shield)
rNeg    . . .      Spirit   .   a - +0 robe
rPois   .          Reflect  .   (no helmet)
rElec   .          Harm     .   (no cloak)
rCorr   .          Rampage  .   (no gloves)
Will    .....                   b - +0 pair of boots
Stlth   ++........              (no amulet)
HPRegen 0.04/turn               (no ring)
MPRegen 0.08/turn               (no ring)

@: no status effects
A: (nimble swimmer 2), mertail
a: no special abilities


You were on level 1 of the Dungeon.
You visited 1 branch of the dungeon, and saw 1 of its levels.

You collected 7 gold pieces.

Inventory:

Hand Weapons
 d - a +0 dagger (weapon)
Armour
 a - a +0 robe (worn)
 b - a +0 pair of boots (worn)
Potions
 c - a potion of cancellation {unknown}


   Skills:
 - Level 2.6 Dodging
 - Level 2.1 Stealth
 - Level 2.0 Spellcasting
 + Level 4.3 Summonings


You had 3 spell levels left.
You knew the following spells:

 Your Spells              Type           Power      Damage    Failure   Level
a - Summon Small Mammal   Summ           52%        N/A       4%          1

Your spell library contained the following spells:

 Spells                   Type           Power      Damage    Failure   Level
 Call Imp                 Summ           13%        N/A       6%          2
 Call Canine Familiar     Summ           13%        N/A       12%         3
 Summon Guardian Golem    Hex/Summ       7%         N/A       30%         3
 Summon Lightning Spire   Summ/Air       7%         N/A       69%         4


Dungeon Overview and Level Annotations

Branches:
Dungeon (1/15)

Altars:


Innate Abilities, Weirdness & Mutations

((You are very nimble when in or above water. (Stealth+, EV+, Speed+++)))
Your lower body shifts to a powerful aquatic tail in water.


Message History

Press: ? - help, Q - select action Dir - look around, f - activate The endoplasm freezes you.
You are frozen.
Unknown command.
You hit the endoplasm but do no damage.
The endoplasm is moderately wounded.
The endoplasm hits you but does no damage.
You barely miss the endoplasm.
The endoplasm is moderately wounded.
The endoplasm hits you.
Unknown command.
You are too injured to fight recklessly!
Unknown command.
You swap places.
Something hits your rat.
Your rat dies!
Your rat's corpse disappears in a puff of smoke!
Unknown command.
A rat comes into view.
The endoplasm barely misses your rat.
Your rat bites the endoplasm.
Unknown command.
The endoplasm barely misses your rat.
Your rat bites the endoplasm.
Your rat is frozen.
Your rat dies!
Your rat's corpse disappears in a puff of smoke!
The endoplasm hits you.
You hit the endoplasm but do no damage.
The endoplasm is severely wounded.
The endoplasm misses you.
An endoplasm comes into view.
Casting: Summon Small Mammal (safe; 4% risk of failure)
Press: ? - help, Q - select action Dir - look around, f - activate The endoplasm hits you but does no damage.
Unknown command.
Casting: Summon Small Mammal (safe; 4% risk of failure)
Press: ? - help, Q - select action Dir - look around, f - activate The rat bites you but does no damage.
The endoplasm jiggles.
The endoplasm freezes you.
You are frozen.
You die...

#.#.... #. .. .###
...#...# r.# ... #... .
........#.. ... ... ..
....#...# #.. .. ...
#...#.. ..#. .######..#
#..r###...#.#
##........##..#.r.#...#
.#......#....#.r@..#..#
.≈......#.##...J..).#
.≈..[... #.#.....#..#
.#..... #..#...#...#
###≈§≈######...###...#.
.#.§...#.##...#..#..#..
§≈..⌠..≈.##..#...###....
§≈.....≈.##.....#..#..J.
§#.....#.##....#...# ..


You could see 2 endoplasms, a rat (ally target), a friendly quokka (summoned)
and a friendly rat (summoned).

Vanquished Creatures (collateral kills)
  An endoplasm (D:1)
  2 giant cockroaches (D:1)
  A goblin (D:1)
  A rat (D:1)
5 creatures vanquished.

Notes
Turn   | Place    | Note
-------+----------+-------------------------------------------
     0 | D:1      | sasquatch the Merfolk Summoner began the quest for the Orb.
     0 | D:1      | Reached XP level 1. HP: 13/13 MP: 3/3
   239 | D:1      | Frozen to death by an endoplasm

Illustrated notes

Levels and vault maps discovered:
D:1:      dpeg_arrival_rooms_with_view, layout_rooms, minmay_splitting_lines

Action                   || total
-------------------------++-------
Melee: Unarmed           ||    24
       Dagger            ||     4
 Cast: Summon Small Mamm ||    12
 Stab: Sleeping          ||     1
Armor: Robe              ||    13
Dodge: Dodged            ||    22
